Unix NetHack Version 5.0.0-0 post-release - last build Jul 19 2026 19:10:59 (3aa4ab31751d3886436d94b585a96704892fd477,branch:main).

Game began 2026-07-30 12:06:39, ended 2026-07-30 14:40:07.

ChoHag, chaotic female orcish Wizard

                                                        ------
                                                        |....|
                        ------------------------------  ---..|
                        |............................|    |..----
                        |...........!.*............|      |.....|
                        |............).............|      |.|`---
                        |........^.................|     ---|`|
                        ---------------------------- . ---.--.---------
                                                     .hQ@..............
                                                     ------------------
ChoHag the Evoker         St:11 Dx:17 Co:18 In:16 Wi:10 Ch:11  Chaotic S:606
Dlvl:12 $:0  HP:0(18) Pw:7(7) AC:1  Xp:1/14 T:5718 

Latest messages:
 The gnomish wizard is suddenly moving faster.
 The gnome lord deliberately jumps onto a polymorph trap!
 The gnome lord turns into a quantum mechanic!
 You hit the gnome lord.
 The gnome lord misses!
 You hit the gnome lord.
 The dwarf misses!
 The gnome lord misses!
 You hit the gnome lord.
 The gnome lord misses!
 The gnome lord picks up a blue gem.
 You hit the gnome lord.
 The gnome picks up a gem.
 The gnome lord hits!
 The quantum mechanic hits!
 You are not affected.
 You hit the gnome lord.
 The dwarf lord thrusts his broad short sword.
 The dwarf lord hits!
 The dwarf lord thrusts his broad short sword.
 The dwarf lord misses!
 The dwarf misses!
 The gnome lord hits!
 The quantum mechanic hits!
 Your position suddenly seems very uncertain!
 You materialize in a different location!
 Something is engraved here on the floor.
 You read: "You are now entering the Gnome King's wine cellar."
 You hear a chugging sound.
 Something is engraved here on the floor.
 You read: "Trespassers will be persecuted!"
 You feel wise!
 You must have been very observant.
 Something is engraved here on the floor.
 You read: "Trespassers will be persecuted!"
 Something is engraved here on the floor.
 You read: "You are now entering the Gnome King's wine cellar."
 The quantum mechanic hits!
 You are not affected.
 Are you waiting to get hit?  Use 'm' prefix to force a no-op (to rest).
 The quantum mechanic just misses!
 The quantum mechanic just misses!
 You miss the quantum mechanic.
 The quantum mechanic hits!
 You are not affected.
 You hit the quantum mechanic.
 The dwarf wields a dwarvish mattock!
 The quantum mechanic hits!
 You are not affected.
 You die...

Inventory:
 Weapons  (')')
  F - 2 cursed -1 daggers
  H - a +2 orcish dagger (weapon in right hand)
  I - a cursed -1 dart
 Armor    ('[')
  m - an uncursed +1 pair of iron shoes (being worn)
  D - an uncursed +2 orcish helm
  G - an uncursed +0 elven mithril-coat (being worn)
  L - an uncursed +0 cloak of magic resistance (being worn)
 Wands    ('/')
  c - a wand of cancellation (0:5)
  p - a wand of speed monster (0:3)
  u - a wand of magic missile (0:3)
  x - a wand of make invisible (0:3)
 Tools    ('(')
  b - an uncursed bag of holding containing 22 items
  d - a +0 pick-axe
  f - an uncursed towel
  h - a cursed oil lamp (lit)
  r - an uncursed skeleton key
  w - an uncursed magic whistle

Contents of the bag of holding:
  a cursed +0 boomerang
  14 +0 darts
  a +0 orcish dagger
  a +0 aklys
  an uncursed carrot
  3 uncursed cloves of garlic
  an uncursed food ration
  2 uncursed fortune cookies
  an uncursed orange
  an uncursed egg
  an uncursed scroll of amnesia
  an uncursed scroll of teleportation
  an uncursed potion of confusion
  a blessed potion of healing
  an uncursed ring of cold resistance
  an uncursed ring of free action
  an uncursed ring of poison resistance
  an uncursed ring of shock resistance
  a fire horn (0:5)
  an uncursed leather drum
  an expensive camera (0:86)
  an uncursed mirror

ChoHag the Wizard's attributes:

Background:
 You were an Evoker, a level 1 female orcish Wizard.
 You were chaotic, on a mission for Anhur
 who was opposed by Ptah (lawful) and Thoth (neutral).
 You were right-handed.
 You were in the Gnomish Mines, on level 12.
 You entered the dungeon 5718 turns ago.
 There was a full moon in effect when your adventure ended.
 You had 14 experience points, 6 more were needed to attain level 2.
 Your score was 606 before end-of-game adjustments.

Basics:
 You had 0 out of 18 hit points.
 You had all 7 energy points (spell power).
 Your armor class was 1.
 Your wallet was empty.
 Autopickup was on for '$!/?"+=' plus thrown.

Final Characteristics:
 Your strength was 11 (limit:18/50).
 Your dexterity was 17 (limit:18).
 Your constitution was 18 (limit:18).
 Your intelligence was 16 (limit:16).
 Your wisdom was 10 (limit:16).
 Your charisma was 11 (limit:16).

Final Status:
 You weren't hungry.
 You were unencumbered.
 You were wielding a dagger.
 You were unskilled in dagger.

Final Attributes:
 You were piously aligned.
 You were magic-protected.
 You were poison resistant.
 You had infravision.
 You were guarded.
 Your spell casting was impaired by metallic armor.
 You were lucky.
 You are dead.

Miscellaneous:
 You didn't encounter any bones levels.
 Total elapsed playing time was 1 hour, 49 minutes and 25 seconds.

Major events:
 Turn
    1: ChoHag the chaotic female orcish Wizard entered the dungeon
 1727: entered the Gnomish Mines
 4730: reached Mine Town
 5718: killed by a quantum mechanic

Spells:
 Name                 Level Category     Fail Retention
 force bolt             1   attack        63%   71%-80%
 create monster         2   clerical     100%   51%-75%

Skills:
 Fighting Skills
   bare handed combat [Unskilled]
   riding             [Unskilled]
 Weapon Skills
   dagger             [Unskilled]
   knife              [Unskilled]
   axe                [Unskilled]
   short sword        [Unskilled]
   club               [Unskilled]
   mace               [Unskilled]
   quarterstaff       [Basic]
   polearms           [Unskilled]
   spear              [Unskilled]
   trident            [Unskilled]
   sling              [Unskilled]
   dart               [Unskilled]
   shuriken           [Unskilled]
 Spellcasting Skills
   attack spells      [Basic]
   healing spells     [Unskilled]
   divination spells  [Unskilled]
   enchantment spells [Basic]
   clerical spells    [Unskilled]
   escape spells      [Unskilled]
   matter spells      [Unskilled]

Voluntary challenges:
 Character rerolling was not enabled.
 You never genocided any monsters.
 You never polymorphed an object.
 You never changed form.
 You used no wishes.
Achievements:
 You entered a shop.
 You entered the Gnomish Mines.
 You entered Minetown.

 The Dungeons of Doom: levels 1 to 5
    Level 1: "Juiblex"
       Many altars.
    Level 2:
    Level 3: "unvault"
       A general store.
    Level 4: "stashes"
       A tool shop, an altar to Anhur, a fountain.
       Stairs down to The Gnomish Mines.
    Level 5:
 The Gnomish Mines: levels 5 to 12
    Level 5:
    Level 6:
    Level 7:
    Level 8:
       An altar, a fountain.
    Level 9:
    Level 10:
    Level 11:
    Level 12: <- You were here.
       Final resting place for
          you, killed by a quantum mechanic.


Vanquished creatures:
  a large mimic
  a large cat
 an iron piercer
  a giant spider
  a gnome ruler
  a dwarf mummy
  a Mordor orc
 an Uruk-hai
  2 shriekers
  5 gnome leaders
  a straw golem
 10 dwarves
  a hill orc
  a giant bat
 an orc zombie
  a killer bee
  a coyote
  a hobbit
  3 large kobolds
  a hobgoblin
 an orc
  2 giant rats
  a cave spider
  4 yellow molds
  a green mold
  a red mold
 35 gnomes
  a gnome zombie
  8 geckos
  3 jackals
  2 foxes
  2 kobolds
  6 goblins
  2 grid bugs
  3 bats
  6 lichens
  a kobold zombie
 13 newts
128 creatures vanquished.

No species were genocided or became extinct.

Game over:
                       ----------
                      /          \
                     /    REST    \
                    /      IN      \
                   /     PEACE      \
                  /                  \
                  |      ChoHag      |
                  |       0 Au       |
                  |   killed by a    |
                  | quantum mechanic |
                  |                  |
                  |                  |
                  |       2026       |
                 *|     *  *  *      | *
        _________)/\\_//(\/(/\)/\//\/|_)_______

Goodbye ChoHag the Wizard...

You died in The Gnomish Mines on dungeon level 12 with 606 points,
and 0 pieces of gold, after 5718 moves.
You were level 1 with a maximum of 18 hit points when you died.

